 Dungeon Crawl Stone Soup version 0.28.0-43-g3370ac3207 (webtiles) character file.

Game seed: 1184917416070518300

9720 fleeber the Cleaver (level 11, -1/97 HPs)
             Began as a Minotaur Berserker on Mar 16, 2022.
             Was a Believer of Trog.
             Slain by a two-headed ogre
             ... wielding a +0 giant club
              (6 damage)
             ... on level 9 of the Dungeon on Mar 17, 2022.
             The game lasted 01:15:33 (14989 turns).

fleeber the Cleaver (Minotaur Berserker)           Turns: 14989, Time: 01:15:36

Health: -1/97      AC: 21    Str: 29    XL:     11   Next: 26%
Magic:  10/10      EV:  9    Int:  4    God:    Trog [**....]
Gold:   186        SH:  0    Dex: 13    Spells: 10/10 levels left

rFire   . . .      SeeInvis .   z - +3 hand axe
rCold   . . .      Faith    .   (no shield)
rNeg    . . .      Spirit   .   E - +1 plate armour {rPois}
rPois   +          Reflect  .   (helmet restricted)
rElec   .          Harm     .   e - +0 cloak
rCorr   .          Rampage  .   (no gloves)
Will    .....                   (no boots)
Stlth   ..........              (no amulet)
HPRegen 0.26/turn               p - +6 ring of strength
MPRegen 0.12/turn               r - +4 ring of protection

@: on berserk cooldown, slowed, very slow
A: horns 2, retaliatory headbutt
a: Renounce Religion, Berserk, Trog's Hand


You were on level 9 of the Dungeon.
You worshipped Trog.
Trog was pleased with you.
You visited 2 branches of the dungeon, and saw 10 of its levels.

You collected 631 gold pieces.
You spent 445 gold pieces at shops.

Inventory:

Hand Weapons
 a - a +0 hand axe of chaos
 z - a +3 hand axe (weapon)
Missiles
 d - a silver boomerang
Armour
 e - a +0 cloak (worn)
 E - a +1 plate armour of poison resistance (worn)
Jewellery
 k - a ring of see invisible
 m - a ring of resist corrosion
 p - a +6 ring of strength (left hand)
 r - a +4 ring of protection (right hand)
Wands
 i - a wand of flame (16) (quivered)
 y - a wand of paralysis (5)
 C - a wand of iceblast (1)
 G - a wand of digging (9)
Scrolls
 b - a scroll of enchant armour {unknown}
 f - a scroll of brand weapon
 h - a scroll of fear
 j - 3 scrolls of identify
 n - a scroll of summoning {unknown}
 o - 5 scrolls of teleportation
 w - 2 scrolls of fog {unknown}
 x - 2 scrolls of holy word {unknown}
 A - 2 scrolls of magic mapping {unknown}
 F - a scroll of vulnerability {unknown}
 H - a scroll of silence {unknown}
Potions
 c - 3 potions of curing
 g - a potion of ambrosia {unknown}
 l - 2 potions of heal wounds {unknown}
 q - 2 potions of attraction {unknown}
 s - 5 potions of flight
 t - a potion of berserk rage {unknown}
 v - a potion of invisibility {unknown}
 B - a potion of mutation {unknown}
 D - 2 potions of might {unknown}


   Skills:
 + Level 9.1 Fighting
 * Level 14.6 Axes
 + Level 11.9 Armour
 + Level 3.7 Dodging
 * Level 3.7 Evocations


You had 10 spell levels left.
You didn't know any spells.
Your spell library was empty.

Dungeon Overview and Level Annotations

Branches:
Dungeon (9/15)             Temple (0/1) D:5            Lair (1/6) D:8
    Orc: D:9-12

Altars:
Ashenzari
Cheibriados
Elyvilon
Kikubaaqudgha
Uskayaw
Vehumet
Wu Jian

Shops:
D:2 **[*

Annotations:
D:7 3 runed translucent doors, joshe's ghost, novice OgTm


Innate Abilities, Weirdness & Mutations

You have a pair of horns on your head.
You reflexively headbutt those who attack you in melee.


Message History

You are exhausted.
You feel as though you will be slow longer.
You hit the two-headed ogre but do no damage.
Your headbutt misses the two-headed ogre.
You punch the two-headed ogre.
The two-headed ogre is moderately wounded.
The two-headed ogre hits you with a +0 giant club! x2
The orc priest calls down the wrath of Beogh upon you.
Beogh smites you!
* * * LOW HITPOINT WARNING * * *
Blink to where?
Press: ? - help, Dir - move target
Okay, then.
Blink to where?
Press: ? - help, Dir - move target
As you read the scroll of blinking, it crumbles to dust.
Things that are here:
a +0 giant club; a +0 giant spiked club
Aiming: Paralyse
Press: ? - help, Shift-Dir - straight line, f - two-headed ogre
Aim: a two-headed ogre, wielding two +0 giant clubs (moderately wounded, chance to affect: 41%)
The two-headed ogre resists with some effort.
The two-headed ogre barely misses you.
The two-headed ogre hits you with a +0 giant club.
* * * LOW HITPOINT WARNING * * *
The orc priest casts a cantrip, but nothing happens.
The two-headed ogre hits you with a +0 giant club!!
* * * LOW HITPOINT WARNING * * *
The two-headed ogre hits you with a +0 giant club.
* * * LOW HITPOINT WARNING * * *
Cleave: z) +3 hand axe
Press: ? - help, Dir - move target, f/p - two-headed ogre
Aim: a two-headed ogre, wielding two +0 giant clubs (moderately wounded, about 18% to evade your +3 hand axe)
Okay, then.
Aiming: Paralyse
Press: ? - help, Shift-Dir - straight line, f/p - two-headed ogre
Aim: a two-headed ogre, wielding two +0 giant clubs (moderately wounded, chance to affect: 41%)
The two-headed ogre resists with some effort.
The two-headed ogre hits you with a +0 giant club.
You die...

#.#####..## #...#†...#....##.
..........## #............###.
..#######..## #...#######......
.##.....##..#####..##.#.#.##.....
##....#..##.......##..#.#..##....
# #.. #..#########...#.#...##...
#..###..#.....#....#.#....#.#.
### #)....#.#...#####...#####.#.
. ..###....o...#@......8.....#...
.. .(#.###.#.#oO.#####...#####...
..# #..##..#.....#....#.#....#...
#..##..#..#########...#.#...##...
##..#..o.## ##..#.#..##....
.##.....## ##)#.#.##..##.
..###.### ###.###...##. ..##...#
###.# #...... ..##8.8##
#...###......


You could see a two-headed ogre and an orc priest.

Vanquished Creatures
  2 two-headed ogres (D:9)
  A deep elf pyromancer (D:9)
  A centaur zombie (D:5)
  Psyche (D:8)
  2 trolls
  Grinder (D:6)
  A slime creature (D:9)
  3 hornets
  A meliai zombie (D:7)
  A wyvern (D:9)
  Sigmund (D:2)
  Eustachio (D:5)
  A yak (D:9)
  A steam dragon (D:9)
  Edmund (D:6)
  Menkaure (D:6)
  2 water moccasins
  Duvessa (D:5)
  2 orc warriors
  2 necrophages
  3 sky beasts (D:8)
  A black bear (D:5)
  2 ice beasts (D:7)
  An ogre (D:4)
  4 centaurs
  2 wolves (D:7)
  3 phantoms
  A bullfrog (D:6)
  5 kobold brigands
  3 wyvern zombies
  Blork the orc (D:5)
  3 scorpions
  Dowan (D:5)
  11 killer bees
  6 wights
  4 howler monkeys
  4 electric eels (D:8)
  A bullfrog zombie (D:6)
  Crazy Yiuf (D:3)
  9 hounds
  4 orc priests
  2 jellies
  A centaur skeleton (D:7)
  An iguana (D:6)
  A scorpion zombie (D:5)
  5 orc wizards
  A killer bee zombie (D:9)
  A howler monkey zombie (D:6)
  6 adders
  A white imp (D:7)
  An adder skeleton (D:5)
  A worm (D:4)
  3 dart slugs
  28 orcs
  3 ball pythons
  7 endoplasms
  2 giant cockroaches
  4 hobgoblins
  3 jackals (D:2)
  A quokka (D:1)
  6 bats
  4 frilled lizards
  5 goblins
  23 kobolds
  4 rats
211 creatures vanquished.

Vanquished Creatures (others)
  Maurice (D:8)
  An adder skeleton (D:4)
  A quokka (D:4)
3 creatures vanquished.

Grand Total: 214 creatures vanquished

Notes
Turn   | Place    | Note
-------+----------+-------------------------------------------
     0 | D:1      | fleeber the Minotaur Berserker began the quest for the Orb.
     0 | D:1      | Reached XP level 1. HP: 19/19 MP: 0/0
   353 | D:1      | Reached XP level 2. HP: 27/27 MP: 1/1
   365 | D:1      | Reached skill level 4 in Axes
   504 | D:1      | Found a faded altar of an unknown god.
   807 | D:2      | Noticed Sigmund
  1063 | D:2      | Reached XP level 3. HP: 32/33 MP: 2/2
  1190 | D:2      | Found Ushrar's Assorted Antiques.
  1371 | D:2      | Reached ** piety under Trog
  1729 | D:3      | Found a runed translucent door.
  1730 | D:3      | Noticed Crazy Yiuf
  1884 | D:3      | Reached XP level 4. HP: 41/41 MP: 3/3
  2235 | D:3      | Killed Crazy Yiuf
  2236 | D:3      | Reached skill level 5 in Axes
  2436 | D:2      | Killed Sigmund
  2437 | D:2      | Reached skill level 6 in Axes
  2437 | D:2      | Reached XP level 5. HP: 47/47 MP: 4/4
  2473 | D:2      | Found Geal's Assorted Antiques.
  2497 | D:2      | Found Sisaag's Armour Emporium.
  2515 | D:2      | Found Viohis's Assorted Antiques.
  2564 | D:2      | Identified the +7 quarterstaff of Fate {vorpal, rPois rF+
                  | Str-3 Int+2}
  2890 | D:4      | Reached skill level 5 in Fighting
  2890 | D:4      | Reached XP level 6. HP: 56/56 MP: 5/5
  3187 | D:4      | Found a white marble altar of Elyvilon.
  3340 | D:4      | You fall into a shaft and drop 3 floors!
  3576 | D:7      | Noticed an ice beast
  3759 | D:6      | Reached skill level 5 in Armour
  3759 | D:6      | Reached XP level 7. HP: 53/61 MP: 6/6
  3798 | D:6      | Noticed Grinder
  3805 | D:6      | Killed Grinder
  3806 | D:6      | Reached skill level 7 in Axes
  3858 | D:5      | Entered Level 5 of the Dungeon
  3991 | D:5      | Noticed Dowan
  4008 | D:5      | Killed Dowan
  4017 | D:5      | Noticed Duvessa
  4031 | D:5      | Killed Duvessa
  4032 | D:5      | Reached skill level 8 in Axes
  4032 | D:5      | Reached XP level 8. HP: 5/70 MP: 7/7
  4347 | D:5      | Noticed Eustachio
  4495 | D:5      | Identified the +3 scale mail of Dithmenos's Envy {Contam
                  | Int+2 Dex+5}
  4521 | D:5      | Killed Eustachio
  4533 | D:5      | Reached skill level 9 in Axes
  4629 | D:5      | Found a staircase to the Ecumenical Temple.
  4888 | D:4      | Reached skill level 10 in Axes
  5012 | D:4      | Reached XP level 9. HP: 78/78 MP: 8/8
  5961 | D:5      | Noticed Blork the orc
  5979 | D:5      | Killed Blork the orc
  6038 | D:5      | Found an ornate altar of the Wu Jian Council.
  6876 | D:6      | Reached skill level 11 in Axes
  7289 | D:6      | Noticed Menkaure
  7468 | D:6      | Killed Menkaure
  7600 | D:6      | Noticed Edmund
  7636 | D:6      | Killed Edmund
  8869 | D:7      | Reached skill level 12 in Axes
  9018 | D:7      | Found a snail-covered altar of Cheibriados.
  9702 | D:7      | Found a runed translucent gate.
  9703 | D:7      | Found a runed translucent gate.
  9704 | D:7      | Found a runed translucent gate.
  9711 | D:7      | Noticed joshe's ghost (novice OgTm)
 10018 | D:8      | Noticed a troll
 10042 | D:8      | Killed a troll
 10043 | D:8      | Reached XP level 10. HP: 86/86 MP: 9/9
 10104 | D:7      | Reached skill level 10 in Armour
 10222 | D:7      | Reached skill level 1 in Evocations
 10275 | D:8      | Noticed Psyche
 10276 | D:8      | Paralysed by Psyche for 3 turns
 10288 | D:8      | Killed Psyche
 10289 | D:8      | Reached skill level 13 in Axes
 10703 | D:8      | Found a staircase to the Lair.
 11523 | D:8      | Noticed Maurice
 11540 | D:8      | Killed Maurice
 11697 | D:8      | Found an ancient bone altar of Kikubaaqudgha.
 11872 | D:8      | Found a hide-covered altar of Uskayaw.
 12318 | Lair:1   | Entered Level 1 of the Lair of Beasts
 12535 | D:2      | Bought a +1 plate armour of poison resistance for 320 gold
                  | pieces
 12556 | D:2      | Bought a marble ring for 125 gold pieces
 13052 | D:9      | Found a broken altar of Ashenzari.
 13625 | D:9      | Found a radiant altar of Vehumet.
 14498 | D:9      | Reached skill level 14 in Axes
 14645 | D:9      | Noticed a deep elf pyromancer
 14662 | D:9      | Killed a deep elf pyromancer
 14814 | D:9      | Noticed a two-headed ogre
 14821 | D:9      | Reached XP level 11. HP: 84/95 MP: 10/10
 14832 | D:9      | Killed a two-headed ogre
 14946 | D:9      | Noticed a two-headed ogre
 14951 | D:9      | Noticed a two-headed ogre
 14974 | D:9      | Killed a two-headed ogre
 14989 | D:9      | Slain by a two-headed ogre

Illustrated notes

Levels and vault maps discovered:
D:1:      minmay_arrival_stone_box, layout_loops_cross,
          dreamdust_ecumenical_altar_grove
D:2:      layout_loops_ring, serial_shops, shop, shop, shop,
          nicolae_shop_hallway_stairs, minmay_fractal_squares_gapless_5,
          uniq_sigmund
D:3:      layout_rooms, uniq_crazy_yiuf_cottage
D:4:      layout_loops_ring, elyvilon_altar_4, minmay_misc_feat_hallway,
          hangedman_decor_slide_cut
D:5:      layout_loops_ring, overflow_temple_1_default,
          minmay_temple_entry_junction, uniq_blork_the_orc, uniq_eustachio,
          uniq_duvessa
D:6:      layout_cave_pods, uniq_menkaure, uniq_grinder, uniq_edmund
D:7:      layout_loops_ring, cheibriados_altar_1, gammafunk_ghost_necromancy
D:8:      layout_cave_pods, mainiacjoe_overflow_24_doors,
          mainiacjoe_overflow_surrounded_room, erik_lair_island,
          minmay_diced_spiral, uniq_psyche, uniq_maurice
D:9:      minmay_the_grid_octo_tiled_octocenter
          [minmay_the_grid_octo_checkerflower, minmay_the_grid_octo_clover,
          minmay_the_grid_octo_pinwheel, minmay_the_grid_octo_focus,
          minmay_the_grid_octo_prize_square_snowflake,
          minmay_the_grid_square_5x5_detours,
          minmay_the_grid_square_5x5_three_walls,
          minmay_the_grid_square_5x5_fancy_junction,
          minmay_the_grid_square_5x5_bite], layout_gridville,
          overflow_temple_1_default, zin_statuary,
          mainiacjoe_overflow_cross_hatched
Lair:1:   layout_gridlike

Skill      XL: |  1  2  3  4  5  6  7  8  9 10 11 |
---------------+----------------------------------+-----
Axes           | 4 6 8 10 12 14 | 14.6
Fighting       | 4 5 6 7 8 9 |  9.1
Armour         | 4 5 6 8 9 11 | 11.9
Dodging        | 3 |  3.7
Evocations     | 3 |  3.7

Action                   |  1- 3 |  4- 6 |  7- 9 | 10-12 || total
-------------------------+-------+-------+-------+-------++-------
Melee: Hand axe          |    91 |    61 |   305 |   249 ||   706
       Headbutt          |     7 |    10 |    57 |    32 ||   106
       Punch             |       |       |     4 |     4 ||     8
Throw: Boomerang         |     2 |     7 |    14 |    28 ||    51
Invok: Berserk           |     1 |     4 |     9 |     9 ||    23
       Trog's Hand       |       |     2 |     2 |     5 ||     9
Evoke: Wand              |       |       |     3 |     9 ||    12
  Use: Scroll            |       |       |     5 |     1 ||     6
       Potion            |       |       |     2 |       ||     2
 Stab: Sleeping          |     1 |       |       |       ||     1
Armor: Leather armour    |    14 |       |       |       ||    14
       Plate armour      |    13 |    33 |   147 |   145 ||   338
Dodge: Dodged            |    57 |    12 |   115 |   107 ||   291
